 Dungeon Crawl Stone Soup version 0.17.1-2-g5865329 (webtiles) character file.

270 PossumBlood the Archer (level 6, -5/39 HPs)
             Began as a High Elf Hunter on Jan 23, 2016.
             Killed from afar by an orc wizard (11 damage)
             ... with a puff of flame
             ... on level 3 of the Dungeon.
             The game lasted 00:06:05 (1857 turns).

PossumBlood the Archer (High Elf Hunter)            Turns: 1857, Time: 00:06:06

Health: -5/39      AC:  4    Str: 15    XL:     6   Next: 1%
Magic:  7/7        EV: 12    Int: 15    God:
Gold:   126        SH:  0    Dex: 18    Spells: 0 memorised, 5 levels left

rFire  . . .     SeeInvis .     b - +0 short sword
rCold  . . .     Clarity  .     c - +0 leather armour
rNeg   . . .     SustAt   .     (no shield)
rPois  .         Gourm    .     (no helmet)
rElec  .         Spirit   .     (no cloak)
rCorr  .         Warding  .     l - +0 pair of gloves
rMut   .         Stasis   .     (no boots)
MR     .....                    (no amulet)
Stlth  ++........               g - +4 ring of strength
                                i - ring of invisibility

@: not resistant to hostile enchantments, unstealthy
A: no striking features
a: Evoke Invisibility


You were on level 3 of the Dungeon.
You were not hungry.

You visited 1 branch of the dungeon, and saw 3 of its levels.

You collected 126 gold pieces.

Inventory:

Hand Weapons
 a - a +1 shortbow
 b - a +0 short sword (weapon)
Armour
 c - a +0 leather armour (worn)
 l - a +0 pair of gloves (worn)
Jewellery
 g - a +4 ring of strength (right hand)
 i - a ring of invisibility (left hand)
Scrolls
 n - a scroll of remove curse
Potions
 m - a potion of flight
Books
 j - a book of Envenomations

   Spells                             Type                      Level
   a - Spider Form                    Transmutation/Poison         3
   b - Alistair's Intoxication        Transmutation/Poison         4
   c - Olgreb's Toxic Radiance        Poison                       4
   d - Poisonous Cloud                Conjuration/Poison/Air       6
Comestibles
 e - 2 bread rations
 h - a meat ration
 k - a beef jerky


   Skills:
 - Level 2.0 Fighting
 * Level 9.5 Bows
 - Level 2.1 Dodging
 - Level 1.1 Stealth


You had 5 spell levels left.
You didn't know any spells.

Dungeon Overview and Level Annotations

Branches:
Dungeon (3/15)

Altars:


Message History

Firing (i - inventory):
d - 3 arrows (quivered)
Press: ? - help, Shift-Dir - straight line You shoot an arrow.
Something hits you but does no damage.
Firing (i - inventory):
d - 2 arrows (quivered)
Press: ? - help, Shift-Dir - straight line You shoot an arrow.
Something hits you.
Firing (i - inventory):
d - an arrow (quivered)
Press: ? - help, Shift-Dir - straight line You shoot an arrow.
Something hits you but does no damage. Something hits you.
* * * LOW HITPOINT WARNING * * *
Wield which item (- for none, * to show all)? (? for menu, Esc to quit)
b - a +0 short sword (weapon)
You hit something but do no damage. Something hits you.
* * * LOW HITPOINT WARNING * * *
Something hits you but does no damage.
You closely miss something.
You hear some strange, mumbled words.
A puff of flame appears from out of thin air!
The puff of flame hits you!
You die...

####### #.....# ......
#.# ..... ###.###... ###
###)..(##(> #.?
...#...({)# #.# #.#..
#@###.# #.# #[#.#
#(....##. ###.####.#.#
#.#.....$
#..........#####.#..####
#.#..####...........#
.....# ##.###...#.##
.....# #.........#
...#.# #.###...#.#
..##.#####.# ##.#.#.#


There were no monsters in sight!

Vanquished Creatures
  The ghost of topkek the Conjurer, an amateur OpCj (D:3)
  7 gnolls (D:3)
  2 adders (D:2)
  An ooze (D:2)
  3 worms (D:2)
  2 giant geckos
  3 orcs (D:3)
  6 bats
  6 hobgoblins
  6 jackals
  A ball python (D:3)
  4 giant cockroaches
  A giant newt (D:2)
  7 goblins
  8 kobolds
  2 rats (D:2)
60 creatures vanquished.

Notes
Turn   | Place    | Note
--------------------------------------------------------------
     0 | D:1      | PossumBlood the High Elf Hunter began the quest for the Orb.
     0 | D:1      | Reached XP level 1. HP: 14/14 MP: 2/2
   315 | D:1      | Reached XP level 2. HP: 19/19 MP: 3/3
   344 | D:1      | Reached skill level 6 in Bows
   654 | D:2      | Reached XP level 3. HP: 21/24 MP: 4/4
  1012 | D:2      | Reached skill level 7 in Bows
  1276 | D:2      | Reached XP level 4. HP: 22/29 MP: 5/5
  1652 | D:3      | Reached skill level 8 in Bows
  1741 | D:3      | Reached XP level 5. HP: 34/34 MP: 6/6
  1781 | D:3      | Noticed topkek's ghost (amateur OpCj)
  1836 | D:3      | Killed topkek's ghost
  1836 | D:3      | Reached skill level 9 in Bows
  1843 | D:3      | Reached XP level 6. HP: 35/39 MP: 7/7
  1857 | D:3      | Killed from afar by an orc wizard

Action                   |  1- 3 |  4- 6 || total
-------------------------+-------+-------++-------
Melee: Short sword       |       |     2 ||     2
 Fire: Shortbow          |    98 |    77 ||   175
  Use: Potion            |     1 |     3 ||     4
       Scroll            |       |     7 ||     7
  Eat: Bread ration      |     1 |       ||     1
